 Dungeon Crawl Stone Soup version 0.21.1-1-g345015f (webtiles) character file.

5126 tidbits the Martial Artist (level 10, -1/68 HPs)
             Began as a Gnoll Transmuter on Feb 19, 2018.
             Was a Priest of Cheibriados.
             Slain by a centaur warrior (15 damage)
             ... on level 9 of the Dungeon.
             The game lasted 00:27:09 (2389 turns).

tidbits the Martial Artist (Gnoll Transmuter)       Turns: 2389, Time: 00:27:10

Health: -1/68      AC:  2    Str: 20    XL:     10   Next: 58%
Magic:  18/21      EV: 36    Int: 27    God:    Cheibriados [***...]
Gold:   78         SH:  0    Dex: 27    Spells: 17/23 levels left

rFire    . . .     SeeInvis .     - Unarmed
rCold    . . .     Gourm    .   (shield currently unavailable)
rNeg     . . .     Faith    .   (armour currently unavailable)
rPois    x         Spirit   .   (helmet currently unavailable)
rElec    .         Reflect  .   (cloak currently unavailable)
rCorr    .         Harm     .   (gloves currently unavailable)
MR       .....                  (boots currently unavailable)
Stlth    ++++......             (no amulet)
HPRegen  0.21/turn              V - +5 ring of evasion
MPRegen  0.17/turn              w - +2 ring of evasion

@: spider-form, very slow
A: tiny, distributed training, clumsy 1, frail 1, strong nose
a: End Transformation, Bend Time, Temporal Distortion, Renounce Religion


You were on level 9 of the Dungeon.
You worshipped Cheibriados.
Cheibriados was most pleased with you.
You were not hungry.
You were a venomous arachnid creature.
You visited 2 branches of the dungeon, and saw 12 of its levels.

You collected 360 gold pieces.
You spent 282 gold pieces at shops.

Inventory:

Hand Weapons
 a - a +0 dagger of venom (melded)
   (You took it off an orc wizard on level 7 of the Dungeon)
 b - a +1 hunting sling of velocity
   (You found it on level 1 of the Dungeon)
 f - a +0 dagger
 g - a +0 blowgun
 j - the +3 flail of the Shore {antimagic, *Rage rElec rN+ MR++}
   (You found it on level 4 of the Dungeon)

   It reduces the magical energy of the wielder, and disrupts the spells and
   magical abilities of those hit.
   Natural abilities and divine invocations are not affected.
   It insulates you from electricity.
   It protects you from negative energy.
   It affects your resistance to hostile enchantments.
   It may make you go berserk in combat.
 u - a +0 short sword
 x - a +0 scythe
 y - a +0 war axe
 F - a +0 great sword
Missiles
 i - 8 tomahawks (quivered)
 n - 30 poisoned needles
 z - 84 arrows
 G - 32 sling bullets
Armour
 B - a +2 leather armour of magic resistance (melded)
   (You found it on level 4 of the Dungeon)
 C - a +0 cloak (melded)
 E - a +1 helmet (melded)
 J - a +0 pair of boots (melded)
Jewellery
 m - a +2 ring of strength
   (You found it on level 6 of the Dungeon)
 w - a +2 ring of evasion (right front leg)
   (You found it on level 6 of the Dungeon)
 H - an uncursed ring of protection from magic
   (You found it on level 2 of the Dungeon)
 K - an uncursed ring of resist corrosion
   (You found it on level 1 of the Dungeon)
 V - a +5 ring of evasion (left front leg)
   (You found it on level 6 of the Dungeon)
Wands
 k - a wand of flame (64)
 p - a wand of paralysis (15)
 t - a wand of clouds (6)
 I - a wand of acid (4)
Scrolls
 e - 2 scrolls of fear
 h - 3 scrolls of immolation
 l - a scroll of teleportation
 r - 3 scrolls of remove curse
 s - a scroll of holy word
 v - a scroll of enchant weapon
Potions
 q - a potion of might
 A - 3 potions of curing
 L - 2 potions of lignification
Books
 d - a book of Changes

   Spells                             Type                      Level
   a - Beastly Appendage              Transmutation                1
   b - Sticks to Snakes               Transmutation                2
   c - Spider Form                    Transmutation/Poison         3
   d - Ice Form                       Ice/Transmutation            4
   e - Blade Hands                    Transmutation                5
Miscellaneous
 o - a lightning rod (inert)
Comestibles
 c - 6 rations


   Skills:
 + Level 6.0 Fighting
 + Level 5.3 Short Blades
 + Level 5.3 Long Blades
 + Level 5.3 Axes
 + Level 5.3 Maces & Flails
 + Level 5.3 Polearms
 + Level 5.3 Staves
 + Level 5.3 Slings
 + Level 5.3 Bows
 + Level 5.3 Crossbows
 + Level 5.3 Throwing
 + Level 5.3 Armour
 + Level 7.1 Dodging
 + Level 5.3 Stealth
 + Level 5.3 Shields
 + Level 8.5 Unarmed Combat
 + Level 7.4 Spellcasting
 + Level 4.4 Conjurations
 + Level 4.4 Hexes
 + Level 4.4 Charms
 + Level 4.4 Summonings
 + Level 4.4 Necromancy
 + Level 4.4 Translocations
 + Level 5.9 Transmutations
 + Level 4.4 Fire Magic
 + Level 4.4 Ice Magic
 + Level 4.4 Air Magic
 + Level 4.4 Earth Magic
 + Level 4.4 Poison Magic
 + Level 5.8 Invocations
 + Level 5.3 Evocations


You had 17 spell levels left.
You knew the following spells:

 Your Spells              Type           Power        Failure   Level  Hunger
e - Beastly Appendage     Tmut           #####.       3%          1    None
k - Sticks to Snakes      Tmut           #####...     4%          2    None
p - Spider Form           Tmut/Pois      #####.....   8%          3    None


Dungeon Overview and Level Annotations

Branches:
Dungeon (11/15)            Temple (1/1) D:4             Orc (0/2) D:10
   Lair: D:8-11

Altars:
Ashenzari
Cheibriados
Dithmenos
Fedhas
Nemelex Xobeh
Okawaru
Qazlal
Ru
Sif Muna
Trog
Vehumet
Wu Jian
Xom

Shops:
D:7 !   D:9 *

Portals:
Trove: D:10 (give 7 potions of agility)

Annotations:
D:3 ceb's ghost, amateur HOFi
D:7 Menkaure


Innate Abilities, Weirdness & Mutations

Your experience applies equally to all skills.
((You have very sharp teeth.))
Your uncanny sense of smell can sniff out nearby items.
((You have large cloven feet.))
You are clumsy. (Dex -2)
You are frail. (-10% HP)


Message History

You hear a shout!
The hound skeleton misses you. The shadow imp completely misses you.
The necrophage barely misses you.
You barely miss the necrophage.
The hound skeleton completely misses you.
The shadow imp hits you. The necrophage completely misses you.
You hit the necrophage.
The necrophage is lightly damaged.
The hound skeleton misses you. The shadow imp gestures at you.
Pain shoots through your body! The necrophage completely misses you.
You barely miss the necrophage.
The necrophage is lightly damaged.
The hound skeleton closely misses you. The shadow imp misses you.
The hound skeleton misses you. The necrophage closely misses you.
A centaur warrior comes into view.
Casting: Spider Form
Confirm with . or Enter, or press ? or * to list all spells.
You create a snake!
You now have 84 arrows.
The hound skeleton bites you. The shadow imp completely misses you.
The necrophage completely misses you.
Unknown command.
You bite the necrophage!
The necrophage is heavily damaged.
The hound skeleton completely misses you.
Your ball python bites the necrophage but does no damage.
Your ball python barely misses the necrophage.
The necrophage completely misses you. The shadow imp misses you.
You bite the necrophage!
The necrophage is almost destroyed.
The hound skeleton completely misses you.
Your ball python barely misses the necrophage.
Your ball python grabs the necrophage.
Your ball python constricts the necrophage.
You hit the necrophage.
The necrophage is almost destroyed.
The hound skeleton completely misses you.
The shadow imp completely misses you. The necrophage completely misses you.
Your ball python bites the necrophage.
Your ball python constricts the necrophage.
You hit the necrophage.
You destroy the necrophage!
Cheibriados appreciates the change of pace.
Cheibriados raises the support of your attributes as your movement slows.
Your Fighting skill increases to level 6!
The hound skeleton bites you.
The centaur warrior wields a longbow.
The centaur warrior shoots an arrow.
The arrow hits you!!
* * * LOW HITPOINT WARNING * * *
The shadow imp completely misses you.
Your ball python bites the hound skeleton.
Your ball python grabs the hound skeleton.
Your ball python constricts the hound skeleton.
The hound skeleton completely misses you.
The centaur warrior unwields an uncursed longbow.
The centaur warrior barely misses you.
Your ball python bites the hound skeleton.
Your ball python constricts the hound skeleton.
The hound skeleton bites you.
* * * LOW HITPOINT WARNING * * *
The shadow imp completely misses you. The centaur warrior hits you!
* * * LOW HITPOINT WARNING * * *
Your ball python bites the hound skeleton.
Your ball python constricts the hound skeleton.
The hound skeleton completely misses you.
Unknown command.
You bite the centaur warrior!
The centaur warrior is poisoned.
The centaur warrior is lightly wounded.
The centaur warrior hits you!
* * * LOW HITPOINT WARNING * * *
Your ball python bites the hound skeleton.
Your ball python constricts the hound skeleton.
The hound skeleton completely misses you.
The shadow imp completely misses you.
You feel much better.
The centaur warrior completely misses you.
Your ball python bites the hound skeleton.
Your ball python constricts the hound skeleton.
The hound skeleton bites your ball python.
Your ball python dies!
The centaur warrior misses you. The shadow imp completely misses you.
You maul the hound skeleton!!
You destroy the hound skeleton!
Cheibriados thoroughly appreciates the change of pace.
The centaur warrior completely misses you.
The shadow imp completely misses you.
You hit the shadow imp.
The shadow imp is heavily wounded.
The centaur warrior hits you!
* * * LOW HITPOINT WARNING * * *
You hit the shadow imp.
You kill the shadow imp!
Cheibriados appreciates the change of pace.
The centaur warrior barely misses you. x2
You bite the centaur warrior!
The centaur warrior looks as sick as possible!
The centaur warrior is moderately wounded.
The centaur warrior misses you.
You bite the centaur warrior!
The centaur warrior is heavily wounded.
The centaur warrior hits you!
You die...

.###.####### ####.####
#######.# .....#
####.##.##[# #.#
##.#.# #(†(.......#
#.# #)#.# #.##.##.##.#
#.#
#.#.#######.#####.####
#.#
##.#.#.......####...#
∆ ∆ #.#
#..#.#.##Y#####$##.##
#.. #>##..#....#
#(##.##.##. ∆ ###
#†####.##Y.#
#.sc...../.. #.#
#.##Y.# #?##.##.##.#
..# .#.#.# ####.# # ∆
### .## YY ∆..$ ∆ ∆ .#
.# #### .# ∆ .. ∆


You could see a centaur warrior.

Vanquished Creatures
  A two-headed ogre (D:9)
  Joseph (D:7)
  Grinder (D:4)
  A hippogriff (D:8)
  Sigmund (D:4)
  9 yaks (D:9)
  A necrophage (D:9)
  A sky beast (D:9)
  2 orc warriors
  4 ice beasts
  2 phantoms
  An ogre (D:4)
  4 centaurs
  2 bullfrogs
  A scorpion (D:6)
  A bullfrog zombie (D:5)
  An orc priest (D:3)
  3 hounds
  A gnoll shaman (D:7)
  2 jellies
  Ijyb (D:4)
  3 iguanas
  7 worker ants
  3 orc wizards
  A hound skeleton (D:9)
  A worker ant zombie (D:10)
  A howler monkey skeleton (D:6)
  5 gnolls
  7 adders
  A shadow imp (D:9)
  2 adder zombies (D:5)
  A dart slug (D:1)
  A worm (D:6)
  6 orcs
  3 bats
  A giant cockroach (D:8)
  4 goblins
  2 hobgoblins
  A jackal (D:8)
  A quokka (D:8)
  A frilled lizard (D:3)
  3 kobolds
  2 rats
98 creatures vanquished.

Vanquished Creatures (collateral kills)
  An orc warrior (D:9)
  An ogre (D:6)
  A centaur (D:9)
  A crimson imp (D:9)
  An iguana (D:4)
  A worker ant (D:10)
  2 orcs (D:10)
8 creatures vanquished.

Vanquished Creatures (others)
  A scorpion (D:8)
  A howler monkey (D:8)
  2 hounds (D:8)
  An adder (D:8)
  An orc (D:8)
6 creatures vanquished.

Grand Total: 112 creatures vanquished

Notes
Turn   | Place    | Note
-------+----------+-------------------------------------------
     0 | D:1      | tidbits the Gnoll Transmuter began the quest for the Orb.
     0 | D:1      | Reached XP level 1. HP: 17/17 MP: 6/6
    80 | D:1      | Reached XP level 2. HP: 14/23 MP: 5/7
    90 | D:1      | Learned a level 2 spell: Sticks to Snakes
   244 | D:3      | Reached XP level 3. HP: 23/28 MP: 5/9
   260 | D:3      | Learned a level 3 spell: Spider Form
   271 | D:3      | Reached skill level 5 in Spellcasting
   285 | D:3      | Reached skill level 1 in Short Blades
   285 | D:3      | Reached skill level 1 in Long Blades
   285 | D:3      | Reached skill level 1 in Axes
   285 | D:3      | Reached skill level 1 in Maces & Flails
   285 | D:3      | Reached skill level 1 in Polearms
   285 | D:3      | Reached skill level 1 in Staves
   285 | D:3      | Reached skill level 1 in Slings
   285 | D:3      | Reached skill level 1 in Bows
   285 | D:3      | Reached skill level 1 in Crossbows
   285 | D:3      | Reached skill level 1 in Throwing
   285 | D:3      | Reached skill level 1 in Armour
   285 | D:3      | Reached skill level 1 in Stealth
   285 | D:3      | Reached skill level 1 in Shields
   285 | D:3      | Reached skill level 1 in Invocations
   285 | D:3      | Reached skill level 1 in Evocations
   285 | D:3      | Reached XP level 4. HP: 20/34 MP: 1/11
   298 | D:4      | Found a staircase to the Ecumenical Temple.
   298 | D:4      | Noticed Sigmund
   320 | D:4      | Killed Sigmund
   320 | D:4      | Reached skill level 3 in Fighting
   320 | D:4      | Reached skill level 1 in Conjurations
   320 | D:4      | Reached skill level 1 in Hexes
   320 | D:4      | Reached skill level 1 in Charms
   320 | D:4      | Reached skill level 1 in Summonings
   320 | D:4      | Reached skill level 1 in Necromancy
   320 | D:4      | Reached skill level 1 in Translocations
   320 | D:4      | Reached skill level 4 in Transmutations
   320 | D:4      | Reached skill level 1 in Fire Magic
   320 | D:4      | Reached skill level 1 in Ice Magic
   320 | D:4      | Reached skill level 1 in Air Magic
   320 | D:4      | Reached skill level 1 in Earth Magic
   320 | D:4      | Reached skill level 1 in Poison Magic
   320 | D:4      | Reached XP level 5. HP: 23/41 MP: 9/12
   320 | D:4      | Reached XP level 6. HP: 26/47 MP: 9/13
   326 | D:4      | Reached skill level 2 in Invocations
   353 | Temple   | Entered the Ecumenical Temple
   386 | Temple   | Became a worshipper of Cheibriados the Contemplative
   412 | D:4      | Got a warped flail
   413 | D:4      | Identified the +3 flail of the Shore {antimagic, *Rage rElec rN+ MR++} (You found it on level 4 of the Dungeon)
   508 | D:4      | Noticed Grinder
   532 | D:4      | Killed Grinder
   532 | D:4      | Reached skill level 2 in Short Blades
   532 | D:4      | Reached skill level 2 in Long Blades
   532 | D:4      | Reached skill level 2 in Axes
   532 | D:4      | Reached skill level 2 in Maces & Flails
   532 | D:4      | Reached skill level 2 in Polearms
   532 | D:4      | Reached skill level 2 in Staves
   532 | D:4      | Reached skill level 2 in Slings
   532 | D:4      | Reached skill level 2 in Bows
   532 | D:4      | Reached skill level 2 in Crossbows
   532 | D:4      | Reached skill level 2 in Throwing
   532 | D:4      | Reached skill level 2 in Armour
   532 | D:4      | Reached skill level 5 in Dodging
   532 | D:4      | Reached skill level 2 in Stealth
   532 | D:4      | Reached skill level 2 in Shields
   532 | D:4      | Reached skill level 2 in Evocations
   532 | D:4      | Reached XP level 7. HP: 40/52 MP: 5/15
   565 | D:4      | Reached skill level 7 in Unarmed Combat
   581 | D:3      | Noticed ceb's ghost (amateur HOFi)
   582 | D:3      | Gained mutation: You are clumsy. (Dex -2) [potion of mutation]
   582 | D:3      | Gained mutation: You are frail. (-10% HP) [potion of mutation]
   582 | D:3      | Gained mutation: You have large cloven feet. [potion of mutation]
   590 | D:4      | Noticed Ijyb
   602 | D:4      | Killed Ijyb
   602 | D:4      | Reached skill level 2 in Conjurations
   602 | D:4      | Reached skill level 2 in Hexes
   602 | D:4      | Reached skill level 2 in Charms
   602 | D:4      | Reached skill level 2 in Summonings
   602 | D:4      | Reached skill level 2 in Necromancy
   602 | D:4      | Reached skill level 2 in Translocations
   602 | D:4      | Reached skill level 2 in Fire Magic
   602 | D:4      | Reached skill level 2 in Ice Magic
   602 | D:4      | Reached skill level 2 in Air Magic
   602 | D:4      | Reached skill level 2 in Earth Magic
   602 | D:4      | Reached skill level 2 in Poison Magic
   627 | D:5      | Entered Level 5 of the Dungeon
   865 | D:6      | Reached skill level 3 in Invocations
   925 | D:6      | Reached XP level 8. HP: 44/54 MP: 10/16
   986 | D:7      | Reached * piety under Cheibriados
   986 | D:7      | Reached skill level 4 in Fighting
   989 | D:7      | Reached skill level 3 in Short Blades
   989 | D:7      | Reached skill level 3 in Long Blades
   989 | D:7      | Reached skill level 3 in Axes
   989 | D:7      | Reached skill level 3 in Maces & Flails
   989 | D:7      | Reached skill level 3 in Polearms
   989 | D:7      | Reached skill level 3 in Staves
   989 | D:7      | Reached skill level 3 in Slings
   989 | D:7      | Reached skill level 3 in Bows
   989 | D:7      | Reached skill level 3 in Crossbows
   989 | D:7      | Reached skill level 3 in Throwing
   989 | D:7      | Reached skill level 3 in Armour
   989 | D:7      | Reached skill level 3 in Stealth
   989 | D:7      | Reached skill level 3 in Shields
   989 | D:7      | Reached skill level 3 in Evocations
  1027 | D:6      | Reached skill level 6 in Spellcasting
  1073 | D:7      | Found Ytuge's Distillery.
  1086 | D:7      | Bought a potion of lignification for 33 gold pieces
  1086 | D:7      | Bought a potion of heal wounds for 55 gold pieces
  1086 | D:7      | Bought a potion of curing for 33 gold pieces
  1086 | D:7      | Bought a potion of lignification for 33 gold pieces
  1086 | D:7      | Bought a potion of degeneration for 11 gold pieces
  1163 | D:7      | Noticed Menkaure
  1182 | D:7      | Noticed Joseph
  1203 | D:7      | Killed Joseph
  1203 | D:7      | Reached skill level 3 in Conjurations
  1203 | D:7      | Reached skill level 3 in Hexes
  1203 | D:7      | Reached skill level 3 in Charms
  1203 | D:7      | Reached skill level 3 in Summonings
  1203 | D:7      | Reached skill level 3 in Necromancy
  1203 | D:7      | Reached skill level 3 in Translocations
  1203 | D:7      | Reached skill level 3 in Fire Magic
  1203 | D:7      | Reached skill level 3 in Ice Magic
  1203 | D:7      | Reached skill level 3 in Air Magic
  1203 | D:7      | Reached skill level 3 in Earth Magic
  1203 | D:7      | Reached skill level 3 in Poison Magic
  1203 | D:7      | Reached skill level 4 in Invocations
  1334 | D:7      | Reached XP level 9. HP: 59/59 MP: 15/18
  1412 | D:8      | Reached skill level 6 in Dodging
  1412 | D:8      | Reached skill level 5 in Transmutations
  1426 | D:8      | Reached ** piety under Cheibriados
  1427 | D:8      | Found a shimmering altar of Xom.
  1476 | D:8      | Reached skill level 4 in Short Blades
  1476 | D:8      | Reached skill level 4 in Long Blades
  1476 | D:8      | Reached skill level 4 in Axes
  1476 | D:8      | Reached skill level 4 in Maces & Flails
  1476 | D:8      | Reached skill level 4 in Polearms
  1476 | D:8      | Reached skill level 4 in Staves
  1476 | D:8      | Reached skill level 4 in Slings
  1476 | D:8      | Reached skill level 4 in Bows
  1476 | D:8      | Reached skill level 4 in Crossbows
  1476 | D:8      | Reached skill level 4 in Throwing
  1476 | D:8      | Reached skill level 4 in Armour
  1476 | D:8      | Reached skill level 4 in Stealth
  1476 | D:8      | Reached skill level 4 in Shields
  1476 | D:8      | Reached skill level 4 in Evocations
  1572 | D:10     | Entered Level 10 of the Dungeon
  1682 | D:10     | Found a portal to a secret trove of treasure.
  1720 | D:10     | Reached skill level 5 in Fighting
  1725 | D:10     | Found a staircase to the Orcish Mines.
  1874 | D:10     | Reached skill level 8 in Unarmed Combat
  1897 | D:9      | Noticed a two-headed ogre
  1911 | D:9      | Killed a two-headed ogre
  1911 | D:9      | Reached skill level 7 in Spellcasting
  1911 | D:9      | Reached skill level 4 in Conjurations
  1911 | D:9      | Reached skill level 4 in Hexes
  1911 | D:9      | Reached skill level 4 in Charms
  1911 | D:9      | Reached skill level 4 in Summonings
  1911 | D:9      | Reached skill level 4 in Necromancy
  1911 | D:9      | Reached skill level 4 in Translocations
  1911 | D:9      | Reached skill level 4 in Fire Magic
  1911 | D:9      | Reached skill level 4 in Ice Magic
  1911 | D:9      | Reached skill level 4 in Air Magic
  1911 | D:9      | Reached skill level 4 in Earth Magic
  1911 | D:9      | Reached skill level 4 in Poison Magic
  1911 | D:9      | Reached skill level 5 in Invocations
  1911 | D:9      | Reached XP level 10. HP: 35/66 MP: 13/20
  1953 | D:9      | Found Vonaum's Assorted Antiques.
  1959 | D:9      | Bought a cloak for 117 gold pieces
  2012 | D:9      | Reached *** piety under Cheibriados
  2116 | D:9      | Reached skill level 5 in Short Blades
  2116 | D:9      | Reached skill level 5 in Long Blades
  2116 | D:9      | Reached skill level 5 in Axes
  2116 | D:9      | Reached skill level 5 in Maces & Flails
  2116 | D:9      | Reached skill level 5 in Polearms
  2116 | D:9      | Reached skill level 5 in Staves
  2116 | D:9      | Reached skill level 5 in Slings
  2116 | D:9      | Reached skill level 5 in Bows
  2116 | D:9      | Reached skill level 5 in Crossbows
  2116 | D:9      | Reached skill level 5 in Throwing
  2116 | D:9      | Reached skill level 5 in Armour
  2116 | D:9      | Reached skill level 5 in Stealth
  2116 | D:9      | Reached skill level 5 in Shields
  2116 | D:9      | Reached skill level 5 in Evocations
  2121 | D:9      | Reached skill level 7 in Dodging
  2377 | D:9      | Noticed a centaur warrior
  2381 | D:9      | Reached skill level 6 in Fighting
  2383 | D:9      | HP: 6/68 [centaur warrior (16)]
  2389 | D:9      | Slain by a centaur warrior

Skill      XL: |  1  2  3  4  5  6  7  8  9 10 |
---------------+-------------------------------+-----
Spellcasting   | 5 6 7 |  7.4
Short Blades   | 1 2 3 4 5 |  5.3
Long Blades    | 1 2 3 4 5 |  5.3
Axes           | 1 2 3 4 5 |  5.3
Maces & Flails | 1 2 3 4 5 |  5.3
Polearms       | 1 2 3 4 5 |  5.3
Staves         | 1 2 3 4 5 |  5.3
Slings         | 1 2 3 4 5 |  5.3
Bows           | 1 2 3 4 5 |  5.3
Crossbows      | 1 2 3 4 5 |  5.3
Throwing       | 1 2 3 4 5 |  5.3
Armour         | 1 2 3 4 5 |  5.3
Stealth        | 1 2 3 4 5 |  5.3
Shields        | 1 2 3 4 5 |  5.3
Invocations    | 1 2 3 4 5 |  5.8
Evocations     | 1 2 3 4 5 |  5.3
Fighting       | 3 4 5 6 |  6.0
Conjurations   | 1 2 3 4 |  4.4
Hexes          | 1 2 3 4 |  4.4
Charms         | 1 2 3 4 |  4.4
Summonings     | 1 2 3 4 |  4.4
Necromancy     | 1 2 3 4 |  4.4
Translocations | 1 2 3 4 |  4.4
Transmutations | 4 5 |  5.9
Fire Magic     | 1 2 3 4 |  4.4
Ice Magic      | 1 2 3 4 |  4.4
Air Magic      | 1 2 3 4 |  4.4
Earth Magic    | 1 2 3 4 |  4.4
Poison Magic   | 1 2 3 4 |  4.4
Dodging        | 5 6 7 |  7.1
Unarmed Combat | 7 8 |  8.5

Action                   |  1- 3 |  4- 6 |  7- 9 | 10-12 || total
-------------------------+-------+-------+-------+-------++-------
Melee: Unarmed           |    40 |    33 |   213 |    45 ||   331
       Kick              |     6 |       |    10 |       ||    16
       Headbutt          |     2 |       |       |       ||     2
       Punch             |     1 |       |     1 |       ||     2
       Bite              |     2 |       |     4 |     1 ||     7
       Dagger            |       |       |    19 |     3 ||    22
       Great sword       |       |       |       |     2 ||     2
 Fire: Hunting sling     |       |       |    11 |       ||    11
 Cast: Beastly Appendage |     7 |       |       |       ||     7
       Sticks to Snakes  |     1 |     4 |    17 |     3 ||    25
       Spider Form       |     1 |     5 |    28 |     4 ||    38
 Abil: End Transformatio |       |       |     1 |       ||     1
Evoke: Wand              |       |       |     7 |       ||     7
       Lightning rod     |       |       |       |     4 ||     4
  Use: Potion            |       |     1 |     1 |     1 ||     3
       Scroll            |       |     4 |     6 |     3 ||    13
 Stab: Distracted        |       |     1 |     2 |       ||     3
       Paralysed         |       |       |     2 |       ||     2
       Sleeping          |       |       |     4 |       ||     4
  Eat: Ration            |       |       |     1 |       ||     1
       Chunk             |       |       |       |     1 ||     1
Armor: Robe              |     8 |       |       |       ||     8
       Skin              |       |       |     3 |     1 ||     4
       Leather armour    |       |       |     2 |     2 ||     4
Dodge: Dodged            |    25 |    26 |   250 |    91 ||   392
       Rpst.: Great sword |       |       |       |     2 ||     2

Table legend:
 A = Turns spent in this place as a percentage of turns spent in the entire game.
 B = Non-inter-level travel turns spent in this place as a percentage of non-inter-level travel turns spent in the entire game.
 C = Inter-level travel turns spent in this place as a percentage of turns spent in this place.
 D = Turns resting spent in this place as a percentage of non-inter-level travel turns spent in this place.
 E = Turns spent auto-exploring this place as a percentage of non-inter-level travel turns spent in this place.
 F = Non-inter-level travel turns spent in this place divided by the number of levels of this place that you've seen.
                   A       B       C       D       E      F
               +-------+-------+-------+-------+-------+----------------------
         Total | 100.0 | 100.0 |   1.5 |   0.0 |   0.0 | 196.2
       Dungeon |  97.6 |  97.9 |   1.2 |   0.0 |   0.0 | 209.5
        Temple |   2.4 |   2.1 |  12.3 |   0.0 |   0.0 |  50.0
               +-------+-------+-------+-------+-------+----------------------

Table legend:
 A = Kills in this place as a percentage of kills in entire the game.
 B = Kills by you in this place as a percentage of kills by you in the entire game.
 C = Kills by friends in this place as a percentage of kills by friends in the entire game.
 D = Other kills in this place as a percentage of other kills in the entire game.
 E = Experience gained in this place as a percentage of experience gained in the entire game.
 F = Experience gained in this place divided by the number of levels of this place that you have seen.
                   A       B       C       D       E      F
               +-------+-------+-------+-------+-------+----------------------
         Total | 100.0 | 100.0 | 100.0 |   N/A | 100.0 | 610.3
       Dungeon | 100.0 | 100.0 | 100.0 |   N/A | 100.0 | 665.8
               +-------+-------+-------+-------+-------+----------------------

Vault maps used:
D:1:      wheals_arrival_shading, tso_metal_star
D:2:      first_ration, minmay_nonomino_d4, uniq_crazy_yiuf_cottage
D:4:      minmay_temple_entry_glass, uniq_grinder, uniq_sigmund, uniq_ijyb
D:6:      basic_altar
D:7:      serial_shops, shop, uniq_menkaure, uniq_joseph
D:8:      kennysheep_mini, david_nohive_1, xom_confusion_cloud
D:9:      hangedman_cross_veins, lair_entry_dummy, serial_shops, shop_fountains,
          st_stairs_2
D:10:     lemuel_insect_pit, david_orc_2, enter_trove_0
D:11:     regret_index_harrowing_hell_hive
Temple:   regret_index_temple_sigil_plot
